 Dungeon Crawl Stone Soup version 0.29-a0-330-g52719c12eb (webtiles) character file.

Game seed: 13592372508528138469

58 kae the Firebug (level 3, -6/26 HPs)
             Began as a Demigod Fire Elementalist on May 19, 2022.
             Mangled by a gnoll
             ... wielding a +0 halberd
              (13 damage)
             ... on level 1 of the Dungeon.
             The game lasted 00:01:04 (1706 turns).

kae the Firebug (Demigod Fire Elementalist)         Turns: 1706, Time: 00:01:04

Health: -6/26      AC:  3    Str:  9    XL:     3   Next: 51%
Magic:  6/8        EV: 12    Int: 21    God:
Gold:   37         SH:  0    Dex: 14    Spells: 0/6 levels left

rFire   . . .      SeeInvis .   (no weapon)
rCold   . . .      Faith    .   (no shield)
rNeg    . . .      Spirit   .   a - +0 robe
rPois   .          Reflect  .   (no helmet)
rElec   .          Harm     .   (no cloak)
rCorr   .          Rampage  .   i - +0 pair of gloves
Will    .....                   (no boots)
Stlth   ++........              (no amulet)
HPRegen 0.08/turn               (no ring)
MPRegen 0.11/turn               (no ring)

@: no status effects
A: high MP 1, forlorn, divine attributes
a: no special abilities


You were on level 1 of the Dungeon.
You visited 1 branch of the dungeon, and saw 2 of its levels.

You collected 37 gold pieces.

Inventory:

Armour
 a - a +0 robe (worn)
 i - a +0 pair of gloves (worn)
Potions
 b - a potion of magic
 g - a potion of curing
 h - 2 potions of degeneration {unknown}
 j - a potion of lignification {unknown}


   Skills:
 - Level 1.7 Dodging
 - Level 1.7 Stealth
 + Level 2.2 Spellcasting
 * Level 2.2 Conjurations
 * Level 3.4 Fire Magic


You couldn't memorise any spells.
You knew the following spells:

 Your Spells              Type           Power      Damage    Failure   Level
a - Foxfire               Conj/Fire      56%        2x1d6     4%          1
b - Scorch                Fire           32%        2d7       5%          2
c - Conjure Flame         Conj/Fire      14%        6-21      14%         3

Your spell library contained the following spells:

 Spells                   Type           Power      Damage    Failure   Level
 Inner Flame              Hex/Fire       9%         N/A       22%         3
 Flame Wave               Conj/Fire      14%        2d6       41%         4


Dungeon Overview and Level Annotations

Branches:
Dungeon (2/15)


Innate Abilities, Weirdness & Mutations

You have an increased reservoir of magic. (+10% MP)
You shall have no god before yourself.
Your divine heritage dramatically boosts your attributes as you level up.


Message History

Casting: Scorch (safe; 5% risk of failure)
Confirm with . or Enter, or press ? or * to list all spells.
You don't have enough magic to cast this spell.
Casting: Scorch (safe; 5% risk of failure)
Confirm with . or Enter, or press ? or * to list all spells.
You conjure some foxfire!
The gnoll closely misses you.
The foxfire hits the gnoll!
The gnoll is burned terribly!
You kill the gnoll!
Your foxfire dissipates!
Magic restored.
Key pressed, stopping explore.
HP restored.
Things that are here:
a +0 club; a gnoll corpse Done exploring.
Done exploring.
(D) Dungeon
Where to? (Enter - D:2, ? - help)
There is a stone staircase leading down here.
You climb downwards.
The gnoll is no longer more vulnerable to fire.
The gnoll hits you from afar with a +0 halberd.
There is a stone staircase leading up here.
The gnoll closely misses you.
You climb upwards.
There is a stone staircase leading down here.
You climb downwards.
The gnoll closely misses you.
There is a stone staircase leading up here.
The gnoll hits you with a +0 halberd!
You climb upwards.
There is a stone staircase leading down here.
Casting: Foxfire (safe; 4% risk of failure)
Confirm with . or Enter, or press ? or * to list all spells.
Flames lash the gnoll.
The gnoll is almost dead.
The gnoll's fire resistance burns away.
The gnoll hits you with a +0 halberd!
* * * LOW HITPOINT WARNING * * *
The gnoll hits you with a +0 halberd!
Ouch! That really hurt!
You die...

#.#########.########.###.#.##.#
#...#..#.8#.# #.##....##.#
#...#..'.8#.########.##..#.##.#
#(#8#..#.8#.#.................#
#.####.####.#.......###.##.####
#.#.......#.#.......###.##.#...
#.#.........#..........†##.....
#.#..######.#)......######.#...
##..#.#_...#...@.....# #.####
#...#.###†##....g....# #.#
#...#......#.##...#### #.#
#....#.....#.......# #### #.#
#....#######.......# #..###.####
#.#####.####.......###...##.^...
#.............#....##....#...##.
#############.#.#####.†..###.##>
#.### #....# #.##.


You could see a gnoll (combustible).

Vanquished Creatures
  2 gnolls (D:1)
  An adder (D:1)
  2 dart slugs (D:1)
  4 bats (D:1)
  2 endoplasms (D:1)
  A hobgoblin (D:1)
  3 jackals (D:1)
  A kobold (D:1)
  3 ball pythons (D:1)
  A frilled lizard (D:1)
  A goblin (D:1)
  8 rats (D:1)
29 creatures vanquished.

Vanquished Creatures (others)
  109 foxfires
109 creatures vanquished.

Grand Total: 138 creatures vanquished

Notes
Turn   | Place    | Note
-------+----------+-------------------------------------------
     0 | D:1      | kae the Demigod Fire Elementalist began the quest for the
                  | Orb.
     0 | D:1      | Reached XP level 1. HP: 14/14 MP: 5/5
    20 | D:1      | Reached skill level 1 in Conjurations
   325 | D:1      | Reached XP level 2. HP: 20/20 MP: 5/7
   362 | D:1      | Reached skill level 3 in Fire Magic
  1074 | D:1      | Reached XP level 3. HP: 26/26 MP: 3/8
  1391 | D:1      | Learned a level 2 spell: Scorch
  1395 | D:1      | Learned a level 3 spell: Conjure Flame
  1706 | D:1      | Mangled by a gnoll

Illustrated notes

Levels and vault maps discovered:
D:1:      dpeg_arrival_ratfight, layout_loops_cross,
          shapermc_ecumenical_altar_mp_vishouse
D:2:      layout_basic

Skill      XL: |  1  2  3 |
---------------+----------+-----
Conjurations   | 1 2 |  2.2
Fire Magic     | 3 |  3.4
Spellcasting   | 2 |  2.2
Dodging        | |  1.7
Stealth        | |  1.7

Action                   || total
-------------------------++-------
 Cast: Foxfire           ||    66
       Scorch            ||     3
  Use: Scroll            ||     5
Armor: Robe              ||     6
Dodge: Dodged            ||    26

Table legend: (Time is in decaauts)
 A = Elapsed time spent in this place.
 B = Non-inter-level travel time spent in this place.
 C = Inter-level travel time spent in this place.
 D = Time resting spent in this place.
 E = Time spent auto-exploring this place.
 F = Levels seen in this place.
 G = Mean time per level.
                   A        B        C        D        E       F      G
               +--------+--------+--------+--------+--------+-----+--------+
         Total |   1709 |   1671 |     38 |      0 |   1414 |   2 |  854.5 |
       Dungeon |   1709 |   1671 |     38 |      0 |   1414 |   2 |  854.5 |
               +--------+--------+--------+--------+--------+-----+--------+

Top non-repeatable levels by time:
     D:1: 1606 daAuts
     D:2: 103 daAuts
